Map: [ESL] Alcyone

Players

Nanami - Winner!

  • Race: Protoss Protoss
  • Spawn Location: 1:00

XYXY (XY)

  • Race: Terran Terran
  • Spawn Location: 7:00

Event: ESL SC2 Masters 2024 Spring (Regional)

VOD

Have the link to the VOD?

Description

Time

  • Played on: April 16, 2024, 6:51 a.m.
  • Length: 17:10

All games in this series

Show
View Real Time Build Order
Export as new Build Order

Nanami Protoss - Winner!

Build Orders: 1 Gate Expand, Blink Stalkers 

Get SALT Encoding   

  12  0:00  Probe  
  13  0:12  Probe  
  14  0:17  Pylon  
  14  0:24  Probe (Chrono Boost)  
  15  0:36  Probe (Chrono Boost)  
  15  0:37  Gateway  
  16  0:44  Probe (Chrono Boost)  
  16  0:45  Assimilator  
  17  0:51  Probe  
  18  1:03  Probe  
  19  1:15  Probe  
  20  1:28  Cybernetics Core  
  20  1:33  Probe  
  20  1:36  Nexus  
  21  1:44  Pylon  
  21  1:47  Assimilator  
  21  1:50  Probe  
  22  2:01  Adept (Chrono Boost)  
  22  2:02  Probe  
  22  2:05  Warp Gate  
  25  2:15  Probe  
  26  2:21  Twilight Council  
  26  2:27  Probe  
  26  2:28  Stalker  
  29  2:39  Probe  
  29  2:42  Gateway  
  30  2:49  Probe  
  30  2:51  Probe  
  32  2:54  Blink (Chrono Boost)  
  32  3:01  Probe  
  32  3:03  Probe  
  34  3:13  Probe  
  34  3:15  Probe  
  34  3:16  Robotics Facility  
  36  3:25  Probe  
  37  3:27  Probe  
  38  3:36  Nexus  
  38  3:41  Pylon  
  38  3:42  Probe  
  38  3:43  Probe  
  40  3:53  Stalker x2  
  40  3:55  Probe  
  45  3:56  Probe  
  45  3:59  Observer (Chrono Boost)  
  46  4:07  Pylon, Probe  
  46  4:08  Assimilator, Probe  
  49  4:14  Observer (Chrono Boost)  
  50  4:19  Stalker, Probe  
  50  4:20  Probe  
  54  4:25  Stalker  
  54  4:31  Probe  
  57  4:32  Probe  
  57  4:37  Gateway  
  58  4:39  Gateway  
  58  4:40  Shield Battery  
  58  4:43  Pylon  
  59  4:50  Stalker x2  
  62  4:53  Probe x3 (Chrono Boost)  
  63  5:04  Forge  
  63  5:05  Probe x3 (Chrono Boost)  
  66  5:07  Observer  
  66  5:12  Probe x2 (Chrono Boost)  
  69  5:14  Probe (Chrono Boost)  
  69  5:18  Charge  
  69  5:19  Probe  
  69  5:20  Gateway  
  71  5:21  Gateway  
  71  5:23  Probe  
  71  5:25  Probe  
  73  5:30  Stalker  
  73  5:31  Probe  
  73  5:35  Protoss Ground Armor Level 1 (Chrono Boost), Gateway  
  76  5:36  Gateway  
  76  5:41  Stalker  
  78  5:46  Pylon  
  78  5:50  Probe  
  78  5:51  Warp Prism (Chrono Boost)  
  78  5:54  Pylon  
  78  5:55  Probe x2  
  78  5:56  Observer  
  83  5:59  Sentry  
  86  6:04  Probe  
  86  6:10  Nexus  
  86  6:13  Pylon  
  84  6:23  Immortal  
  87  6:26  Robotics Bay  
  87  6:28  Pylon  
  87  6:29  Zealot x5  
  87  6:32  Assimilator  
  97  6:35  Probe  
  97  6:39  Probe  
  99  6:41  Pylon  
  99  6:53  Zealot x5  
  109  6:55  Probe x2  
  109  6:56  Probe  
  112  7:06  Stalker x3  
  112  7:07  Probe x2  
  120  7:10  Pylon  
  120  7:14  Zealot x2  
  120  7:15  Zealot x2  
  125  7:21  Stalker  
  109  7:28  Probe  
  109  7:29  Zealot x3  
  101  7:30  Protoss Ground Weapons Level 1 (Chrono Boost)  
  101  7:35  Probe x2  
  103  7:41  Zealot x4  
  111  7:44  Pylon  
  111  7:45  Probe x2  
  111  7:47  Probe  
  111  7:48  Probe  
  113  7:59  Stalker  
  113  8:00  Stalker x3  
  113  8:02  Zealot x2  
  125  8:06  Colossus (Chrono Boost)  
  125  8:12  Pylon, Probe  
  124  8:13  Extended Thermal Lance (Chrono Boost), Probe  
  124  8:14  Probe x2  
  127  8:27  Zealot x4  
  129  8:28  Stalker  
  129  8:33  Probe  
  129  8:34  Probe x3  
  137  8:42  Shield Battery  
  137  8:44  Observer  
  135  8:49  Colossus (Chrono Boost)  
  135  8:52  Probe  
  135  8:53  Probe x3  
  142  8:56  Forge  
  142  8:59  Stalker x4  
  150  9:04  Probe  
  150  9:05  Pylon, Protoss Ground Weapons Level 2 (Chrono Boost)  
  151  9:14  Protoss Ground Armor Level 2 (Chrono Boost)  
  151  9:20  Pylon  
  149  9:26  Zealot x4  
  149  9:30  Nexus  
  149  9:31  Pylon  
  155  9:39  Colossus (Chrono Boost)  
  155  9:41  Zealot x4  
  169  9:49  Shield Battery  
  169  9:58  Probe x2  
  169  10:02  Probe x2  
  163  10:09  Stalker x4  
  163  10:10  Zealot x3, Stalker, Probe  
  168  10:22  Colossus (Chrono Boost)  
  168  10:24  Gateway  
  168  10:27  Gateway  
  169  10:32  Stalker  
  169  10:33  Stalker x5  
  169  10:34  Zealot  
  180  10:46  Zealot  
  170  10:58  Zealot x4  
  170  10:59  Zealot x3  
  170  11:01  Nexus  
  142  11:07  Zealot  
  131  11:15  Probe x2  
  124  11:22  Zealot, Stalker x4  
  124  11:23  Zealot x4  
  124  11:25  Protoss Ground Weapons Level 3 (Chrono Boost)  
  112  11:29  Stalker  
  112  11:30  Probe x3  
  112  11:31  Probe x2  
  110  11:34  Protoss Ground Armor Level 3 (Chrono Boost)  
  106  11:42  Probe  
  106  11:44  Probe x2  
  109  11:50  Probe x2  
  109  11:52  Disruptor (Chrono Boost)  
  107  12:05  Probe  
  107  12:06  Probe x4  
  110  12:10  Robotics Facility  
  110  12:12  Zealot x6  
  110  12:13  Zealot x2  
  126  12:17  Probe x2, Nexus  
  126  12:18  Pylon, Probe  
  126  12:19  Pylon  
  126  12:21  Probe  
  130  12:23  Disruptor (Chrono Boost)  
  130  12:28  Pylon, Probe x2  
  130  12:29  Probe  
  138  12:30  Probe x2  
  139  12:39  Pylon  
  139  12:41  Probe x2  
  139  12:43  Stalker x4  
  139  12:44  Zealot  
  139  12:48  Disruptor (Chrono Boost), Probe  
  139  12:50  Pylon  
  144  12:52  Unknown  
  144  12:53  Pylon  
  144  12:57  Probe x2  
  146  12:58  Shield Battery  
  146  13:00  Disruptor  
  146  13:04  Pylon  
  150  13:06  Zealot x4  
  150  13:12  Pylon  
  158  13:16  Zealot x6  
  158  13:18  Pylon  
  170  13:25  Photon Cannon  
  170  13:26  Disruptor  
  174  13:27  Shield Battery  
  174  13:29  Zealot x4  
  174  13:31  Gateway  
  182  13:34  Gateway  
  182  13:35  Disruptor  
  182  13:38  Zealot x4  
  182  13:39  Zealot x2  
  182  13:40  Protoss Shields Level 1 (Chrono Boost)  
  192  14:06  Stalker x4  
  190  14:18  Stalker x6  
  196  14:27  Dark Shrine  
  192  14:35  Nexus  
  160  14:47  Zealot x3  
  160  14:48  Zealot x9  
  160  14:51  Disruptor x2  
  192  14:53  Probe  
  192  14:54  Pylon, Probe x6  
  197  15:06  Probe x3  
  198  15:14  Zealot  
  180  15:26  Disruptor  
  180  15:27  Stalker x3  
  180  15:28  Zealot x5, Stalker  
  188  15:29  Zealot x2  
  190  15:36  Zealot  
  190  15:39  Pylon  
  190  15:49  Shield Battery  
  190  15:52  Zealot x5, Photon Cannon  
  190  15:55  Pylon  
  198  16:06  Pylon  
  198  16:08  Nexus  
  196  16:14  Zealot  
  196  16:15  Zealot x2  
  200  16:24  Stalker  
  200  16:25  Stalker x6  
  200  16:29  Pylon  
  190  16:42  Zealot x4  
  190  16:43  Zealot  
  188  17:08  Zealot x3  
Show
View Real Time Build Order
Export as new Build Order

XYXY Terran 

Build Orders:  

Get SALT Encoding   

  12  0:00  SCV  
  13  0:12  SCV  
  14  0:16  Supply Depot  
  14  0:24  SCV  
  15  0:38  SCV  
  15  0:39  Barracks  
  16  0:42  Refinery  
  16  0:50  SCV  
  17  1:02  SCV  
  18  1:14  SCV  
  19  1:26  Orbital Command, Marine  
  20  1:38  Command Center  
  20  1:44  Barracks Reactor  
  20  1:52  SCV  
  21  1:59  Supply Depot  
  21  2:04  SCV  
  22  2:16  SCV  
  23  2:23  Command Center  
  23  2:24  Marine x2  
  23  2:28  SCV  
  26  2:34  Barracks  
  26  2:40  SCV  
  26  2:42  Marine x2  
  29  2:50  Orbital Command  
  29  2:52  SCV  
  30  3:00  Marine x2  
  30  3:04  SCV  
  33  3:08  Barracks  
  33  3:17  SCV, Marine  
  33  3:18  Marine  
  36  3:20  SCV  
  36  3:23  Barracks Tech Lab  
  37  3:29  SCV  
  37  3:32  SCV  
  38  3:35  Marine x2  
  38  3:41  SCV, Orbital Command  
  42  3:44  SCV  
  42  3:46  Stimpack, Engineering Bay  
  42  3:51  Marine  
  42  3:53  SCV, Marine  
  42  3:54  Marine  
  46  3:56  SCV, Barracks Tech Lab  
  47  4:05  SCV  
  47  4:07  SCV  
  47  4:08  Factory  
  47  4:09  Marine  
  50  4:11  Refinery, Marine  
  50  4:15  SCV, Refinery  
  52  4:20  Terran Infantry Weapons Level 1  
  52  4:21  SCV x2  
  54  4:27  Supply Depot  
  54  4:29  SCV  
  55  4:33  SCV, Combat Shield  
  55  4:34  Bunker  
  55  4:35  SCV  
  57  4:41  SCV  
  57  4:44  Marauder  
  57  4:45  SCV  
  61  4:48  Marine x2  
  61  4:49  Marauder  
  61  4:50  Supply Depot  
  61  4:52  Supply Depot  
  65  4:54  SCV  
  65  4:58  Factory Reactor, Starport  
  65  4:59  SCV  
  68  5:00  SCV  
  68  5:04  Refinery  
  68  5:06  Marine  
  69  5:12  Supply Depot, Marauder x2  
  73  5:14  SCV  
  73  5:16  Marine  
  73  5:20  Supply Depot  
  73  5:21  Supply Depot  
  74  5:24  Marine  
  74  5:25  SCV x2  
  77  5:34  Concussive Shells, Marauder x2  
  81  5:36  Marine  
  81  5:41  Medivac, Supply Depot, Marine  
  81  5:42  Medivac, Orbital Command  
  87  5:49  Factory Reactor  
  86  5:50  SCV  
  86  5:54  Marine  
  86  5:55  Marauder x2  
  92  5:58  Barracks  
  92  5:59  Barracks, Marine  
  92  6:04  SCV x2  
  93  6:11  Medivac  
  93  6:12  SCV, Medivac  
  97  6:20  SCV  
  97  6:25  Marauder x2  
  102  6:29  SCV  
  102  6:30  Supply Depot  
  102  6:31  Supply Depot  
  103  6:33  SCV  
  103  6:34  SCV  
  103  6:36  Supply Depot  
  105  6:41  SCV, Medivac  
  105  6:42  Medivac  
  105  6:46  SCV  
  110  6:49  Barracks Tech Lab, Supply Depot  
  110  6:50  Supply Depot  
  110  6:52  SCV  
  110  6:54  SCV  
  112  6:57  Marine, Marauder  
  112  6:58  Marine, Marauder  
  112  6:59  Marine x2  
  119  7:05  SCV x2  
  117  7:12  SCV  
  117  7:13  Marauder  
  120  7:15  Marine x2  
  120  7:19  Marauder  
  120  7:21  SCV  
  117  7:32  SCV x2  
  117  7:33  Viking x2  
  117  7:34  Marauder  
  117  7:36  Terran Infantry Armor Level 1  
  122  7:37  Ghost Academy  
  122  7:40  SCV  
  121  7:45  Marine x4, Marauder x2  
  121  7:50  SCV, Refinery  
  121  7:51  SCV  
  131  7:52  Supply Depot  
  131  7:54  SCV, Missile Turret  
  131  8:02  Missile Turret  
  131  8:03  SCV x2, Refinery x2  
  133  8:05  Supply Depot  
  133  8:06  SCV  
  133  8:08  Viking  
  133  8:09  Viking  
  138  8:15  SCV  
  138  8:16  Marine x3  
  138  8:17  Marine x3  
  145  8:23  Marauder  
  135  8:34  Marine x4  
  135  8:35  Marauder x2  
  135  8:38  Viking  
  135  8:39  Viking  
  147  8:44  Marine  
  147  8:46  Supply Depot  
  148  8:52  Marine x4  
  144  8:56  SCV x3, Marauder  
  144  8:57  Marauder  
  153  9:02  Marauder  
  153  9:10  Marine x4  
  153  9:15  Viking x2  
  161  9:18  Marauder x2  
  161  9:24  Marauder  
  167  9:25  Supply Depot  
  167  9:26  Armory  
  167  9:27  Engineering Bay, Marine  
  167  9:28  Marine x3  
  167  9:30  Command Center  
  171  9:38  Ghost x2  
  171  9:44  Ghost  
  171  9:45  Marine x3, Viking x2  
  183  9:57  Command Center  
  171  10:08  Marauder x2  
  171  10:14  Marauder  
  171  10:15  Viking x2  
  171  10:17  Marine  
  171  10:18  Marine x2  
  173  10:23  Terran Infantry Weapons Level 2  
  173  10:25  Terran Infantry Armor Level 2  
  161  10:28  Ghost  
  161  10:29  Marauder  
  161  10:35  Marauder  
  167  10:37  Sensor Tower, Marine x2  
  167  10:38  Marine  
  170  10:45  Viking x2  
  170  10:47  Marine  
  173  10:50  SCV x2  
  173  10:51  Marauder  
  173  10:55  Marine x2  
  173  10:56  Marauder  
  166  10:58  Marauder  
  134  11:04  Marine  
  134  11:09  Marine  
  133  11:12  Marauder  
  133  11:13  Marine  
  133  11:18  Marauder  
  131  11:19  Marauder, Marine  
  131  11:21  Medivac  
  131  11:22  Marine  
  111  11:27  Marine  
  111  11:28  Medivac  
  111  11:30  Marine  
  111  11:33  Marauder  
  111  11:36  Marine  
  111  11:37  SCV  
  111  11:38  SCV  
  111  11:39  Marauder  
  96  11:40  Marine  
  96  11:41  Marauder  
  96  11:45  Marine  
  98  11:48  Marine  
  98  11:51  Medivac  
  98  11:53  Barracks  
  99  11:54  Marine  
  99  11:55  Barracks, Marauder  
  99  11:58  Medivac, Marine  
  99  12:01  Marauder  
  99  12:02  Marauder  
  99  12:03  Marine  
  99  12:06  Marine  
  103  12:08  Planetary Fortress  
  103  12:12  Marine  
  103  12:15  Ghost, Barracks  
  104  12:16  Marine  
  104  12:20  Marine  
  104  12:21  Medivac  
  104  12:22  Marauder  
  112  12:24  Missile Turret  
  112  12:27  Missile Turret, Marauder, Marine  
  112  12:28  Medivac  
  117  12:30  Marine  
  117  12:31  Missile Turret  
  116  12:41  Missile Turret  
  116  12:43  Terran Infantry Armor Level 3, Marauder  
  116  12:45  SCV, Marauder  
  116  12:46  SCV  
  116  12:47  SCV  
  116  12:48  Marauder  
  122  12:54  Viking  
  122  12:55  Sensor Tower  
  122  12:58  Viking  
  126  13:01  Barracks Tech Lab x2  
  126  13:04  Ghost  
  128  13:06  Marauder  
  128  13:10  Marine x2, Marauder  
  128  13:12  Barracks Tech Lab  
  134  13:16  Marine x2  
  136  13:23  Marauder x2  
  136  13:25  Viking  
  142  13:27  Marauder, Terran Ship Weapons Level 1  
  142  13:28  Marine x2  
  142  13:29  Viking  
  148  13:37  Sensor Tower  
  148  13:42  Marauder x3  
  148  13:45  Marauder  
  156  13:50  Marauder, Marine  
  156  13:51  Marauder, Marine x2  
  156  13:52  Orbital Command  
  156  13:55  Medivac  
  165  13:59  Medivac  
  163  14:03  Marauder, Marine  
  163  14:04  Marine x2  
  163  14:06  Marauder  
  163  14:08  Marine  
  168  14:12  Marauder  
  168  14:13  Marauder  
  168  14:14  SCV  
  168  14:16  Marine  
  168  14:19  Marine  
  165  14:28  Ghost  
  166  14:37  Marine, Marauder x3  
  154  14:44  Marauder x2  
  152  14:48  Marine x2  
  154  14:56  Marine  
  154  14:57  Marauder  
  154  14:59  Marauder  
  159  15:07  Marauder x3  
  152  15:25  SCV x3  
  149  15:35  Ghost  
  147  15:37  SCV x3  
  147  15:39  Medivac  
  152  15:49  SCV x3  
  155  15:55  Marauder x3  
  140  16:20  Medivac x2  
  140  16:34  Marauder x4  
  140  16:37  Command Center  
  146  16:41  Marauder x2  
  148  16:48  Marine x2  
Tags
 
Add a new tag
Caveats
  • Supply blocks, unpowered buildings, or Contaminate may cause inaccurate times.
  • Supply counts are checked every 10 seconds.